[Event "Titled Tuesday Blitz June 28 Late 2022"]
[White "Fernandez Sanchez, Mario Andres"]
[Black "Karas, Marek"]
[WhiteFideId "6501621"]
[BlackFideId "14928558"]
[WhiteElo "2057"]
[BlackElo "2271"]
[Result "1-0"]
[Round "02"]
[TimeControl "180+1"]
[Date "2022.06.29"]
[WhiteClock "0:00:14"]
[BlackClock "0:00:01"]

1. d4 Nf6 2. Bf4 d5 3. Nf3 c5 4. e3 e6 5. Nbd2 Bd6 6. Bg3 O-O 7. c3 Qc7 8. Bd3 Nbd7 9. dxc5 Nxc5 10. Bc2 b6 11. O-O Bb7 12. Re1 Bxg3 13. hxg3 Rad8 14. a4 e5 15. Nb3 Rfe8 16. Qb1 Nce4 17. a5 Ng4 18. Bxe4 dxe4 19. Nh2 h5 20. axb6 axb6 21. Nxg4 hxg4 22. Qc2 f5 23. Ra7 Ra8 24. Rea1 Rxa7 25. Rxa7 Ra8 26. Rxa8+ Bxa8 27. c4 Qd6 28. c5 bxc5 29. Nxc5 Bd5 30. b4 Qb6 31. Qc3 Qb5 32. Qxe5 Bf7 33. Qxf5 Qxb4 34. Nxe4 Qb1+ 35. Kh2 Qb6 36. Qxg4 Qh6+ 37. Qh4 Qc6 38. Ng5 Bg6 39. Qf4 Qd5 40. Nf3 Bf7 41. Ne5 Be6 42. g4 Qd2 43. Kg3 Qd6 44. g5 Qd5 45. Nf3 Qd8 46. Nh4 Qd7 47. Qb8+ Kf7 48. g6+ Ke7 49. Qe5 Kf8 50. e4 Qd3+ 51. f3 Qd2 52. Qxe6 Qxg2+ 53. Kf4 Qxf3+ 54. Ke5 Qg3+ 55. Kd5 Qd3+ 56. Kc6 Qa6+ 57. Kd5 Qd3+ 58. Ke5 Qg3+ 59. Kd4 Qf2+ 60. Kc3 Qe1+ 61. Kb3 Qb1+ 62. Ka4 1-0


[Site "https://www.chess.com"]

[Event "Titled Tuesday Blitz June 28 Late 2022"]
[White "Fernandez Siles, Luis"]
[Black "Leiva, Gianmarco"]
[WhiteFideId "2209420"]
[BlackFideId "3804399"]
[WhiteElo "2368"]
[BlackElo "2704"]
[Result "0-1"]
[Round "02"]
[TimeControl "180+1"]
[Date "2022.06.29"]
[WhiteClock "0:00:43"]
[BlackClock "0:00:26"]

1. b4 e5 2. Bb2 Bxb4 3. Bxe5 Nf6 4. Nf3 Nc6 5. Bb2 d5 6. e3 O-O 7. Bd3 Re8 8. O-O Bg4 9. h3 Bh5 10. Nc3 Ne5 11. Be2 Nc4 12. Rb1 Nxb2 13. Rxb2 Bxc3 14. dxc3 Rb8 15. c4 c6 16. Qd4 Qa5 17. cxd5 Re4 18. Qd1 Nxd5 19. Bd3 Nc3 20. Qd2 Bxf3 21. Bxe4 Ne2+ 22. Kh1 Qxd2 23. Bxf3 Nc3 24. Rb3 g6 25. Rb4 Qxc2 26. Rc4 Qd3 27. Rc1 Qxc4 0-1


[Site "https://www.chess.com"]

[Event "Titled Tuesday Blitz June 28 Late 2022"]
[White "Gabdushev, Ruslan"]
[Black "Sargsyan, Anna M."]
[WhiteFideId "4137833"]
[BlackFideId "13308130"]
[WhiteElo "2312"]
[BlackElo "2271"]
[Result "0-1"]
[Round "02"]
[TimeControl "180+1"]
[Date "2022.06.29"]
[WhiteClock "0:00:04"]
[BlackClock "0:00:21"]

1. c4 c6 2. Nf3 d5 3. b3 Nf6 4. Bb2 Bf5 5. h3 e6 6. g4 Bg6 7. d3 Nbd7 8. Bg2 Bd6 9. Nbd2 a5 10. a3 h6 11. Bc3 b5 12. Nd4 Qb6 13. O-O O-O 14. cxb5 cxb5 15. a4 b4 16. Bb2 Rac8 17. Nb5 Bb8 18. Nf3 e5 19. Nh4 Bh7 20. Qd2 Rfe8 21. Rac1 Nc5 22. Qd1 d4 23. Rc4 Nfd7 24. Qc2 Kh8 25. Rc1 Bg8 26. Nf5 f6 27. e3 Bxc4 28. Qxc4 dxe3 29. fxe3 g6 30. Nxh6 Ne6 31. Qe4 Rxc1+ 32. Bxc1 Kg7 33. g5 Nxg5 34. Qh4 Rh8 0-1


[Site "https://www.chess.com"]

[Event "Titled Tuesday Blitz June 28 Late 2022"]
[White "Gaisinsky, Adam"]
[Black "Tologon tegin, Semetei"]
[WhiteFideId "2620561"]
[BlackFideId "13800574"]
[WhiteElo "1965"]
[BlackElo "2174"]
[Result "1/2-1/2"]
[Round "02"]
[TimeControl "180+1"]
[Date "2022.06.29"]
[WhiteClock "0:00:04"]
[BlackClock "0:00:12"]

1. d4 c6 2. Nf3 d5 3. Bf4 Nf6 4. e3 Bf5 5. c4 Nbd7 6. Qb3 Qb6 7. c5 Qxb3 8. axb3 a6 9. b4 Rc8 10. Nc3 e6 11. Nh4 Be7 12. h3 Bd8 13. Nxf5 exf5 14. Bd3 g6 15. f3 O-O 16. Kd2 Re8 17. g4 fxg4 18. hxg4 Bc7 19. Bxc7 Rxc7 20. Ne2 Nf8 21. Nf4 Rce7 22. Rae1 Ne6 23. Nh3 h5 24. g5 Nh7 25. f4 Ng7 26. Ng1 Nf8 27. Nf3 Nd7 28. Nh4 Ne6 29. Nxg6 fxg6 30. Bxg6 Rf8 31. Rxh5 Nxf4 32. exf4 Rxe1 33. Kxe1 Rxf4 34. Bh7+ Kg7 35. Bc2 Nf8 36. g6 Rxd4 37. Re5 Kf6 38. Rf5+ Kg7 39. Rf7+ Kg8 40. Rxb7 Rg4 41. Rc7 Nxg6 42. Rxc6 Ne5 43. Rxa6 Rxb4 44. Re6 Nc4 45. b3 Na5 46. Rd6 Nxb3 47. Bxb3 Rxb3 48. Rxd5 Kf7 49. Kd2 Ke6 50. Rd3 Rb5 51. c6 Rc5 52. Rc3 Rxc3 53. Kxc3 Kd6 54. c7 Kxc7 1/2-1/2


[Site "https://www.chess.com"]

[Event "Titled Tuesday Blitz June 28 Late 2022"]
[White "Garcia, Gabriel Gonzaga"]
[Black "Leve, Nitai"]
[WhiteFideId "2138956"]
[BlackFideId "2006898"]
[WhiteElo "2240"]
[BlackElo "2144"]
[Result "0-1"]
[Round "02"]
[TimeControl "180+1"]
[Date "2022.06.29"]
[WhiteClock "0:01:39"]
[BlackClock "0:00:06"]

1. e4 e6 2. Nf3 d5 3. Nc3 dxe4 4. Nxe4 Nf6 5. Nxf6+ gxf6 6. d4 Rg8 7. g3 c5 8. Bg2 Nc6 9. Be3 cxd4 10. Nxd4 Nxd4 11. Qxd4 Qxd4 12. Bxd4 e5 13. Be3 Bd7 14. O-O-O Bc6 15. Bxc6+ bxc6 16. Rd3 Be7 17. Rhd1 Rg4 18. Rd7 Rd8 19. Rxa7 Rxd1+ 20. Kxd1 h5 21. Rc7 Ra4 22. a3 Ra6 23. Kd2 f5 24. Rc8+ Kd7 25. Rh8 h4 26. gxh4 f4 27. h5 fxe3+ 28. Kxe3 Ra4 29. h6 Rh4 30. Rh7 Rxh6 31. Rxh6 Bg5+ 32. Ke4 Bxh6 33. Kxe5 Bc1 34. Kf6 Ke8 35. a4 Bxb2+ 36. Kg5 Bc3 37. h4 Kf8 38. Kf5 Kg7 39. Ke4 Be1 40. Kd3 Bxf2 41. a5 Bxh4 42. Ke4 Bf2 43. Ke5 Ba7 44. c4 Kg6 45. Kd6 f5 46. Kxc6 f4 47. Kb7 Be3 48. a6 f3 49. Kc6 f2 50. c5 Bxc5 51. a7 Bxa7 0-1


[Site "https://www.chess.com"]

[Event "Titled Tuesday Blitz June 28 Late 2022"]
[White "Gardezi, Arsal"]
[Black "Goncalves, Davi Sulzbacher"]
[WhiteFideId "30949521"]
[BlackFideId "2154510"]
[WhiteElo "1781"]
[BlackElo "2107"]
[Result "0-1"]
[Round "02"]
[TimeControl "180+1"]
[Date "2022.06.29"]
[WhiteClock "0:00:04"]
[BlackClock "0:01:20"]

1. e4 c5 2. Nf3 d6 3. d4 cxd4 4. Nxd4 Nf6 5. Nc3 e6 6. g4 Nfd7 7. Be3 a6 8. Bg2 Ne5 9. Qe2 b5 10. b3 Qa5 11. Bd2 Qb6 12. Be3 Qc7 13. Bd2 Bb7 14. O-O Nbc6 15. Nxc6 Nxc6 16. Be3 Be7 17. g5 O-O 18. Qd2 Rac8 19. Rac1 Rfd8 20. Ne2 d5 21. exd5 Ne5 22. c4 bxc4 23. bxc4 Nxc4 24. Qc2 Bxd5 25. Bxd5 exd5 26. Nd4 Qd7 27. Nf5 Nxe3 28. Qxc8 Qxf5 0-1


[Site "https://www.chess.com"]

[Event "Titled Tuesday Blitz June 28 Late 2022"]
[White "Gokerkan, Cem Kaan"]
[Black "Vusatiuk, Vladimir"]
[WhiteFideId "6336760"]
[BlackFideId "14118610"]
[WhiteElo "2723"]
[BlackElo "2472"]
[Result "0-1"]
[Round "02"]
[TimeControl "180+1"]
[Date "2022.06.29"]
[WhiteClock "0:00:05"]
[BlackClock "0:00:07"]

1. e4 e6 2. d4 d5 3. Nd2 c5 4. exd5 Qxd5 5. Ngf3 cxd4 6. Bc4 Qd7 7. O-O Nc6 8. Nb3 a6 9. Qe2 b5 10. Bd3 Nf6 11. Rd1 Qc7 12. a4 b4 13. Bg5 Be7 14. Nbxd4 Nxd4 15. Nxd4 O-O 16. Bxf6 Bxf6 17. Qe4 g6 18. Qxa8 Bb7 19. Qa7 Ra8 20. Nxe6 Qc6 21. Qxb7 Qxb7 22. Nc5 Qc8 23. Be4 Ra7 24. Rd5 Rc7 25. Nd3 Rxc2 26. Nxb4 Rc1+ 27. Rd1 Rxa1 28. Rxa1 Qc4 29. Nd5 Bxb2 30. Re1 Qxa4 31. g3 h5 32. Bf3 Kg7 33. Re7 Bf6 34. Rb7 Qc6 35. Rc7 Qb5 36. Kg2 a5 37. Nf4 Be5 38. Rb7 Qe8 39. Nd5 a4 40. Nb4 a3 41. Ra7 Qb5 42. Nc6 Bd6 43. Nd8 Qb2 44. Rxf7+ Kh6 45. Ne6 a2 46. Ra7 a1=Q 47. Rxa1 Qxa1 48. Nf4 Bxf4 49. gxf4 Qf6 50. Kg3 h4+ 51. Kg4 Qf5+ 52. Kxh4 Qxf4+ 53. Bg4 Qxf2+ 54. Kh3 Kg5 55. Bc8 Qf3# 0-1


[Site "https://www.chess.com"]

[Event "Titled Tuesday Blitz June 28 Late 2022"]
[White "Gubajdullin, Alexei"]
[Black "Pakleza, Zbigniew"]
[WhiteFideId "4141202"]
[BlackFideId "1119290"]
[WhiteElo "2280"]
[BlackElo "2467"]
[Result "1-0"]
[Round "02"]
[TimeControl "180+1"]
[Date "2022.06.28"]
[WhiteClock "0:01:21"]
[BlackClock "0:00:06"]

1. c4 c6 2. Nf3 d5 3. e3 Nf6 4. Nc3 Bg4 5. Qb3 Qb6 6. Ne5 Be6 7. d4 Nbd7 8. Nxd7 Bxd7 9. cxd5 Qxb3 10. axb3 Nxd5 11. Nxd5 cxd5 12. Bd2 e6 13. b4 Bd6 14. Bc3 Ke7 15. b5 f6 16. Be2 e5 17. O-O exd4 18. Bxd4 Be5 19. Rfd1 Be6 20. Bf3 Rhd8 21. Rd2 a6 22. bxa6 Rxa6 23. Rad1 Bxd4 24. Rxd4 Rb6 25. R1d2 Rd7 26. h4 h6 27. h5 Rb3 28. Kh2 Rb5 29. Kg3 Rb6 30. Kf4 Rdd6 31. g4 Rd7 32. b4 Rdd6 33. Rc2 Rd7 34. Rc5 Bf7 35. Bd1 Be6 36. Bb3 Rd8 37. e4 dxe4 38. Rxd8 Bxb3 39. Rd4 Be6 40. Rxe4 Kd6 41. Rd4+ Ke7 42. Rc7+ Kf8 43. Rd8# 1-0


[Site "https://www.chess.com"]

[Event "Titled Tuesday Blitz June 28 Late 2022"]
[White "Hamitevici, Vladimir"]
[Black "Flynn, Jacob"]
[WhiteFideId "13902393"]
[BlackFideId "2509393"]
[WhiteElo "2359"]
[BlackElo "1896"]
[Result "1-0"]
[Round "02"]
[TimeControl "180+1"]
[Date "2022.06.29"]
[WhiteClock "0:00:21"]
[BlackClock "0:00:02"]

1. a3 g6 2. e4 c5 3. Bc4 Bg7 4. d3 Nc6 5. Nc3 e6 6. Be3 Nd4 7. Rb1 Ne7 8. b4 cxb4 9. axb4 O-O 10. Ba2 Ndf5 11. Bd2 Nd4 12. h4 h6 13. h5 g5 14. f4 gxf4 15. Bxf4 Nec6 16. Nce2 f5 17. e5 b6 18. Nxd4 Nxd4 19. c3 Nb5 20. Ne2 Bb7 21. Qd2 Kh7 22. c4 Nc7 23. d4 Be4 24. Rb3 b5 25. Rg3 Qe7 26. Rg6 Rf7 27. Bxh6 bxc4 28. Rh3 f4 29. Bxg7 Rxg7 30. Qxf4 Bxg6 31. hxg6+ Kg8 32. Qh6 1-0


[Site "https://www.chess.com"]

[Event "Titled Tuesday Blitz June 28 Late 2022"]
[White "Hansen, Eric"]
[Black "Leenhouts, Koen"]
[WhiteFideId "2606771"]
[BlackFideId "1008439"]
[WhiteElo "2568"]
[BlackElo "2409"]
[Result "0-1"]
[Round "02"]
[TimeControl "180+1"]
[Date "2022.06.29"]
[WhiteClock "0:00:02"]
[BlackClock "0:00:17"]

1. d4 Nf6 2. c4 g6 3. Nc3 d5 4. Bg5 Bg7 5. e3 Ne4 6. Bf4 Nxc3 7. bxc3 c5 8. Nf3 Nc6 9. Qd2 Bg4 10. Rb1 O-O 11. cxd5 Qxd5 12. c4 Qh5 13. d5 Bxf3 14. gxf3 Qxf3 15. Rg1 Ne5 16. Qc2 b6 17. Rg5 f6 18. Rg3 Qh5 19. h3 Nf3+ 20. Rxf3 Qxf3 21. Rb3 f5 22. Bg3 Qe4 23. Bd3 Qh1+ 24. Ke2 Qxh3 25. Ra3 Qg4+ 26. Ke1 h5 27. Be2 Qh3 0-1


[Site "https://www.chess.com"]

[Event "Titled Tuesday Blitz June 28 Late 2022"]
[White "Holt, Conrad"]
[Black "Aggelis, Nikolaos"]
[WhiteFideId "2034387"]
[BlackFideId "4213220"]
[WhiteElo "2586"]
[BlackElo "2154"]
[Result "0-1"]
[Round "02"]
[TimeControl "180+1"]
[Date "2022.06.28"]
[WhiteClock "0:00:03"]
[BlackClock "0:00:10"]

1. d4 d5 2. c4 dxc4 3. e3 e5 4. Bxc4 exd4 5. Qb3 Qe7 6. Kf1 dxe3 7. Bxe3 Be6 8. Bxe6 Qxe6 9. Qxb7 Qa6+ 10. Qxa6 Nxa6 11. Nc3 Nf6 12. Re1 Be7 13. Bg5 Kd7 14. Nf3 Bd6 15. Bxf6 gxf6 16. Ne4 Be5 17. b3 Ke6 18. Nxf6 Kxf6 19. Nxe5 Rhd8 20. h4 Rd2 21. Rh3 Rf8 22. Rc3 c5 23. a3 h5 24. b4 Rd5 25. bxc5 Rxe5 26. Rec1 Rb8 27. c6 Nc7 28. g3 Rb6 29. Kg2 Ke6 30. Rc4 Kd6 31. Rd4+ Rd5 32. Rf4 f5 33. Rfc4 Rbb5 34. R1c3 Rbc5 35. Kf3 Rxc4 36. Rxc4 Ne6 37. Ra4 a5 38. Rc4 Rc5 39. Rxc5 Kxc5 40. c7 Nxc7 41. Kf4 Nb5 42. Kxf5 Nxa3 43. g4 Kd6 44. Kf6 Nc4 45. gxh5 a4 46. h6 a3 47. h7 a2 48. Kg7 a1=Q+ 49. Kg8 Qa8+ 50. Kg7 Qb7+ 51. Kg8 Qc8+ 52. Kg7 Qd7+ 53. Kg8 Qe8+ 54. Kg7 Qe7+ 55. Kg8 Ke6 56. h8=N Ne5 57. h5 Qg5+ 58. Kf8 Qxh5 59. Kg7 Qg5+ 60. Kf8 Qf6+ 61. Kg8 Qxf2 62. Kg7 Qf6+ 63. Kh7 Qe7+ 64. Kh6 Nf7+ 65. Kg7 Nxh8+ 66. Kg8 Qf7+ 67. Kxh8 Qe7 68. Kg8 Kf6 69. Kh8 Qg7# 0-1


[Site "https://www.chess.com"]

[Event "Titled Tuesday Blitz June 28 Late 2022"]
[White "Hu, Merric"]
[Black "Ladopoulos, Dimitrios"]
[WhiteFideId "30906660"]
[BlackFideId "4239580"]
[WhiteElo "2463"]
[BlackElo "2723"]
[Result "1-0"]
[Round "02"]
[TimeControl "180+1"]
[Date "2022.06.29"]
[WhiteClock "0:00:01"]
[BlackClock "0:00:05"]

1. e4 c5 2. Nf3 e6 3. d4 cxd4 4. Nxd4 Nf6 5. Nc3 d6 6. g4 h6 7. Be3 g5 8. f3 a6 9. Qd2 Nbd7 10. a4 Ne5 11. Be2 Bd7 12. h4 gxh4 13. Bf2 Ng6 14. a5 Rc8 15. Nb3 Bc6 16. O-O-O d5 17. exd5 Nxd5 18. Qd4 Rg8 19. Ne4 Bg7 20. Qb6 Nxb6 21. Rxd8+ Rxd8 22. Bxb6 Bxe4 23. Bxd8 Kxd8 24. fxe4 Be5 25. Bf3 Kc7 26. Nc5 Bg3 27. Rd1 Ne5 28. Be2 Bf2 29. Nd3 Be3+ 30. Kb1 Nxg4 31. Rh1 Nf2 32. Rxh4 Nxd3 33. Bxd3 Kd6 34. Rh3 Bf4 35. c3 Ke5 36. Rh5+ Rg5 37. Rh3 Rg3 38. Rxg3 Bxg3 39. Kc2 Kf4 40. Kd2 Kf3 41. b4 Kf2 42. Be2 Bf4+ 43. Kd3 Be5 44. Bh5 f5 45. Bf7 f4 46. Bxe6 f3 47. c4 Kg2 48. Bg4 f2 49. Be2 h5 50. b5 h4 51. c5 axb5 52. c6 bxc6 53. a6 1-0


[Site "https://www.chess.com"]

[Event "Titled Tuesday Blitz June 28 Late 2022"]
[White "Hua, Lefong"]
[Black "Tari, Aryan"]
[WhiteFideId "2602253"]
[BlackFideId "1510045"]
[WhiteElo "2610"]
[BlackElo "2567"]
[Result "0-1"]
[Round "02"]
[TimeControl "180+1"]
[Date "2022.06.28"]
[WhiteClock "0:01:31"]
[BlackClock "0:02:01"]

1. d4 d5 2. c4 e6 3. Nc3 c5 4. cxd5 cxd4 5. Qa4+ Bd7 6. Qxd4 exd5 7. Qxd5 Nf6 8. Qd1 Bc5 9. e3 O-O 10. Nf3 Qe7 11. Be2 Nc6 12. O-O Ne5 13. Nd5 Nxd5 14. Qxd5 Nxf3+ 15. Bxf3 Bc6 16. Qf5 g6 17. Qh3 Bd7 18. Qh6 Rad8 19. e4 Bb5 20. Rd1 Rxd1+ 21. Bxd1 Qxe4 22. Bd2 Qd4 23. Be3 Qxb2 24. Rc1 Bxe3 25. Qxe3 Re8 0-1


[Site "https://www.chess.com"]

[Event "Titled Tuesday Blitz June 28 Late 2022"]
[White "Ibarra Jerez, Jose Carlos"]
[Black "Urbina Perez, Juan Antonio"]
[WhiteFideId "2226332"]
[BlackFideId "2217368"]
[WhiteElo "2628"]
[BlackElo "2192"]
[Result "1-0"]
[Round "02"]
[TimeControl "180+1"]
[Date "2022.06.29"]
[WhiteClock "0:02:05"]
[BlackClock "0:00:35"]

1. e4 e5 2. Nf3 Nf6 3. Nc3 Nc6 4. g3 Bc5 5. Bg2 d6 6. d3 h6 7. Na4 Bb6 8. O-O Bg4 9. h3 Be6 10. c3 O-O 11. d4 exd4 12. cxd4 d5 13. e5 Ne4 14. Be3 f6 15. exf6 Qxf6 16. Kh2 Rae8 17. Rc1 Re7 18. Nxb6 axb6 19. a3 Nd8 20. Ne5 Nf7 21. f4 c6 22. g4 Nxe5 23. dxe5 Qf7 24. f5 Bc8 25. e6 Qf6 26. Bd4 Qh4 27. Bxe4 dxe4 28. Bxb6 h5 29. Bc5 Bxe6 30. Bxe7 Qxe7 31. fxe6 Qxe6 32. Rxf8+ Kxf8 33. Qd8+ Kf7 34. Rf1+ Kg6 35. gxh5+ Kh6 36. Qh8+ 1-0


[Site "https://www.chess.com"]

[Event "Titled Tuesday Blitz June 28 Late 2022"]
[White "Isajevsky, Anton"]
[Black "Rosen, Eric"]
[WhiteFideId "4142500"]
[BlackFideId "2032562"]
[WhiteElo "2510"]
[BlackElo "2362"]
[Result "0-1"]
[Round "02"]
[TimeControl "180+1"]
[Date "2022.06.28"]
[WhiteClock "0:00:06"]
[BlackClock "0:00:16"]

1. c4 e5 2. g3 Nf6 3. Bg2 Nc6 4. Nc3 Bc5 5. Nf3 d6 6. O-O O-O 7. e3 a6 8. h3 Ba7 9. d3 h6 10. a3 Ne7 11. b4 Ng6 12. Bb2 Re8 13. Qc2 Bd7 14. Kh2 c6 15. Ne4 Be6 16. Rac1 Nh7 17. c5 dxc5 18. Nxc5 Bc8 19. d4 Bb8 20. Rfd1 Qe7 21. dxe5 Nxe5 22. Nd4 Nf8 23. f4 Neg6 24. e4 Nxf4 25. gxf4 Bxf4+ 26. Kh1 Qg5 27. Nd3 Bxc1 28. Bxc1 Qh5 29. Nf4 Qe5 30. Nf5 Bxf5 31. exf5 Rad8 32. Rf1 Nh7 33. Bb2 Qe3 34. Nh5 f6 35. Nf4 Ng5 0-1


[Site "https://www.chess.com"]

[Event "Titled Tuesday Blitz June 28 Late 2022"]
[White "Janturin, Artur"]
[Black "Bachmann, Axel"]
[WhiteFideId "4130022"]
[BlackFideId "3700488"]
[WhiteElo "2388"]
[BlackElo "2587"]
[Result "1-0"]
[Round "02"]
[TimeControl "180+1"]
[Date "2022.06.29"]
[WhiteClock "0:00:10"]
[BlackClock "0:00:09"]

1. b3 Nf6 2. Bb2 g6 3. Bxf6 exf6 4. c4 Bg7 5. Nc3 O-O 6. g3 f5 7. Bg2 Nc6 8. e3 b6 9. Nge2 Bb7 10. O-O Rb8 11. d4 Ne7 12. Nd5 Nxd5 13. cxd5 c5 14. dxc6 dxc6 15. Rc1 Qd7 16. b4 Rfc8 17. Qa4 Ba8 18. Rc2 Rc7 19. Rfc1 Rbc8 20. a3 Qd6 21. h4 h5 22. Nf4 Bf8 23. Nd3 Kg7 24. Ne5 Be7 25. Nxc6 Bxc6 26. Rxc6 Rxc6 27. Rxc6 Rxc6 28. Bxc6 a5 29. bxa5 bxa5 30. Bf3 Qxa3 31. Qxa3 Bxa3 32. Kf1 Kf6 33. Bd5 Ke7 34. Bb3 Bb4 35. Ke2 f6 36. Ba4 1-0


[Site "https://www.chess.com"]

[Event "Titled Tuesday Blitz June 28 Late 2022"]
[White "Jaracz, Pawel"]
[Black "So, Wesley"]
[WhiteFideId "1102222"]
[BlackFideId "5202213"]
[WhiteElo "2459"]
[BlackElo "2742"]
[Result "0-1"]
[Round "02"]
[TimeControl "180+1"]
[Date "2022.06.28"]
[WhiteClock "0:00:04"]
[BlackClock "0:01:07"]

1. e4 c5 2. Nf3 d6 3. d4 cxd4 4. Nxd4 Nf6 5. Nc3 a6 6. Be3 e5 7. Nb3 Be6 8. f3 h5 9. Nd5 Bxd5 10. exd5 g6 11. Qd2 Nbd7 12. Na5 Qc7 13. c4 e4 14. f4 Bg7 15. Be2 Ng4 16. Bxg4 hxg4 17. O-O-O Nc5 18. Kb1 Nd3 19. b3 b5 20. a3 bxc4 21. Nxc4 Rb8 22. Ka2 O-O 23. Rb1 Rfc8 24. Qc2 a5 25. Rhc1 a4 26. b4 Qb7 27. Qxa4 Qxd5 28. Qb3 Nxc1+ 29. Rxc1 Qe6 30. Rc2 d5 31. Na5 Rxc2+ 0-1


[Site "https://www.chess.com"]

[Event "Titled Tuesday Blitz June 28 Late 2022"]
[White "Jaskolka, Tomasz"]
[Black "Marin Ramirez, Gerardo"]
[WhiteFideId "1170791"]
[BlackFideId "3901068"]
[WhiteElo "2073"]
[BlackElo "1920"]
[Result "1-0"]
[Round "02"]
[TimeControl "180+1"]
[Date "2022.06.29"]
[WhiteClock "0:00:20"]
[BlackClock "0:00:09"]

1. d4 d5 2. Bf4 c6 3. e3 Qb6 4. b3 Nf6 5. c3 Bf5 6. Nf3 e6 7. Nh4 Bg4 8. f3 Bh5 9. g4 Bg6 10. Nxg6 hxg6 11. Bd3 c5 12. Nd2 Nc6 13. Qe2 Qa5 14. Rc1 cxd4 15. exd4 Qxa2 16. Kf2 Qa5 17. Rhe1 Be7 18. b4 Qb6 19. Nb3 O-O 20. h4 Nh7 21. Rh1 Rae8 22. Qe3 Qd8 23. h5 g5 24. Bg3 Bf6 25. Nc5 e5 26. Bb1 Qc8 27. Qd3 e4 28. fxe4 dxe4 29. Nxe4 Qxg4 30. Nd6 Bxd4+ 31. cxd4 Qxd4+ 32. Qxd4 Nxd4 33. Bxh7+ Kxh7 34. Nxe8 Rxe8 35. Rhe1 1-0


[Site "https://www.chess.com"]

[Event "Titled Tuesday Blitz June 28 Late 2022"]
[White "Jessel, Stephen"]
[Black "Berant"]
[WhiteFideId "628859"]
[WhiteElo "2268"]
[BlackElo "2349"]
[Result "0-1"]
[Round "02"]
[TimeControl "180+1"]
[Date "2022.06.29"]
[WhiteClock "0:00:14"]
[BlackClock "0:01:27"]

1. Nf3 c5 2. c4 Nc6 3. d4 cxd4 4. Nxd4 Nf6 5. g3 e5 6. Nb5 d6 7. Bg2 Be7 8. O-O O-O 9. N1c3 a6 10. Na3 Be6 11. Be3 Rc8 12. Nd5 Nb8 13. Qd2 Nxd5 14. Bxd5 Bxd5 15. Qxd5 Qc7 16. Rfd1 Nc6 17. b3 Rfd8 18. Qd2 d5 19. Qb2 d4 20. Bd2 e4 21. Bf4 Qa5 22. Nc2 Bf6 23. b4 Qh5 24. Qb3 Qxe2 25. Re1 Qh5 26. Rad1 d3 27. Ne3 Nd4 28. g4 Qh3 29. Qa4 Nf3+ 30. Kh1 Bg5 31. Bg3 Nxe1 32. Rxe1 d2 33. Rd1 Bxe3 34. fxe3 Qxg4 35. c5 Qf3+ 36. Kg1 Qxe3+ 37. Kg2 Qf3+ 38. Kg1 e3 39. Rf1 Qxf1+ 0-1


[Site "https://www.chess.com"]

[Event "Titled Tuesday Blitz June 28 Late 2022"]
[White "Jorajuria Mendoza, Algol"]
[Black "Isanzhulov, Arystan"]
[WhiteFideId "5128897"]
[BlackFideId "13711644"]
[WhiteElo "1600"]
[BlackElo "2293"]
[Result "0-1"]
[Round "02"]
[TimeControl "180+1"]
[Date "2022.06.29"]
[WhiteClock "0:00:02"]
[BlackClock "0:00:32"]

1. e4 c6 2. d4 d5 3. e5 Bf5 4. h4 Qc8 5. c4 dxc4 6. Bxc4 e6 7. g4 Be4 8. f3 Bd5 9. Bxd5 cxd5 10. Nc3 Nc6 11. Be3 h5 12. Rc1 Nge7 13. Nge2 Ng6 14. Ng3 Qd8 15. Nxh5 Nxh4 16. Kf2 Ng6 17. Qd2 a6 18. Bg5 Qb6 19. Be3 O-O-O 20. Na4 Qb4 21. Qxb4 Bxb4 22. a3 Bf8 23. b4 Kb8 24. Nc5 Na7 25. f4 Ne7 26. Ng3 Nec6 27. Rxh8 Nb5 28. f5 Ncxd4 29. Bxd4 Nxd4 30. fxe6 fxe6 31. Ke3 Nc2+ 32. Rxc2 Bxc5+ 33. Rxc5 Rxh8 34. Nh5 Rh7 35. Kf4 g6 36. Nf6 Rh3 37. Kg5 Re3 38. Kxg6 d4 39. Rc4 Rd3 0-1


[Site "https://www.chess.com"]

[Event "Titled Tuesday Blitz June 28 Late 2022"]
[White "Kaganskiy, Gleb"]
[Black "D`Arruda, Ricardo D."]
[WhiteFideId "4132025"]
[BlackFideId "100692"]
[WhiteElo "2165"]
[BlackElo "2449"]
[Result "0-1"]
[Round "02"]
[TimeControl "180+1"]
[Date "2022.06.29"]
[WhiteClock "0:00:51"]
[BlackClock "0:01:37"]

1. e4 c5 2. c3 e6 3. d4 cxd4 4. cxd4 d5 5. e5 Nc6 6. Nc3 Nge7 7. Nf3 Nf5 8. Bb5 Be7 9. O-O O-O 10. a3 Qb6 11. Bxc6 Qxc6 12. Be3 Bd7 13. Rc1 Rac8 14. b4 a5 15. b5 Qc4 16. a4 Ba3 17. Rc2 Nxe3 18. fxe3 Bb4 19. Nd2 Qd3 20. Ndb1 Qxd1 21. Rxd1 Rc4 22. Rd3 Rfc8 23. Kf2 f6 24. Ke2 Be8 0-1


[Site "https://www.chess.com"]

[Event "Titled Tuesday Blitz June 28 Late 2022"]
[White "Kapitsyn, Mark"]
[Black "Mortazavi, Ali"]
[WhiteFideId "4116240"]
[BlackFideId "401323"]
[WhiteElo "2299"]
[BlackElo "2339"]
[Result "0-1"]
[Round "02"]
[TimeControl "180+1"]
[Date "2022.06.29"]
[WhiteClock "0:00:02"]
[BlackClock "0:00:25"]

1. e4 c6 2. c4 e5 3. Nf3 d6 4. d4 Nd7 5. Nc3 Ngf6 6. g3 g6 7. Bg2 Bg7 8. O-O O-O 9. Re1 Qa5 10. Rb1 exd4 11. Nxd4 Ne5 12. Qe2 Qc5 13. Nf3 Qxc4 14. Nxe5 Qxe2 15. Rxe2 dxe5 16. Be3 Be6 17. Rd1 b6 18. Red2 Rfe8 19. f3 Bf8 20. Bf1 Be7 21. Ba6 Rad8 22. Bb7 Rxd2 23. Rxd2 c5 24. Nb5 Bxa2 25. Nxa7 Rb8 26. Bd5 Nxd5 27. exd5 Bd6 28. Nc6 Ra8 29. Bg5 f5 30. Be7 Bxe7 31. Nxe7+ Kf7 32. d6 Ke6 33. Nc6 Bd5 34. d7 Kxd7 35. Nxe5+ Ke6 36. Nd3 Bxf3 37. Nf4+ Ke5 38. Kf2 Be4 39. h4 Ra2 40. Ke3 b5 41. Rd7 Rxb2 42. Re7+ Kd6 43. Re6+ Kd7 44. Rb6 Rb3+ 45. Kf2 Rxg3 46. Ke2 Rg4 0-1


[Site "https://www.chess.com"]

[Event "Titled Tuesday Blitz June 28 Late 2022"]
[White "Katz, Alexander"]
[Black "Svane, Rasmus"]
[WhiteFideId "2039796"]
[BlackFideId "4657101"]
[WhiteElo "2371"]
[BlackElo "2674"]
[Result "0-1"]
[Round "02"]
[TimeControl "180+1"]
[Date "2022.06.28"]
[WhiteClock "0:00:26"]
[BlackClock "0:01:33"]

1. e4 c6 2. d4 d5 3. Nc3 dxe4 4. Nxe4 Nf6 5. Nxf6+ exf6 6. c3 Bd6 7. Bd3 O-O 8. Qc2 Re8+ 9. Ne2 h5 10. Bd2 Nd7 11. O-O-O Nf8 12. Ng3 g6 13. Kb1 Be6 14. Rde1 b5 15. Ne4 a5 16. f4 f5 17. Ng5 Bd5 18. Rxe8 Qxe8 19. Re1 Qd7 20. c4 Bxg2 21. Rg1 bxc4 22. Bxf5 Qxf5 23. Qxf5 gxf5 24. Rxg2 Ng6 25. Nf3 Kf8 26. Ne5 Bxe5 27. dxe5 Ke7 28. Rg5 Ke6 29. Rxh5 Rd8 30. Bxa5 Rd4 31. Bb6 Rxf4 32. a4 Rf1+ 33. Ka2 Nxe5 34. a5 Nd3 35. Rh6+ f6 36. b3 c3 0-1


[Site "https://www.chess.com"]

[Event "Titled Tuesday Blitz June 28 Late 2022"]
[White "Keymer, Vincent"]
[Black "Janaszak, Dawid"]
[WhiteFideId "12940690"]
[BlackFideId "1119206"]
[WhiteElo "2548"]
[BlackElo "2199"]
[Result "1-0"]
[Round "02"]
[TimeControl "180+1"]
[Date "2022.06.28"]
[WhiteClock "0:00:10"]
[BlackClock "0:00:03"]

1. Nf3 c5 2. c4 g6 3. g3 Bg7 4. Bg2 Nf6 5. Nc3 O-O 6. O-O d5 7. d4 cxd4 8. Nxd4 e5 9. Nb3 d4 10. Na4 Nc6 11. Nac5 Re8 12. Bg5 h6 13. Bxf6 Bxf6 14. Rc1 a5 15. Nd2 Be7 16. Na4 Kh7 17. c5 Be6 18. Nc4 Qc7 19. a3 f5 20. Qd2 e4 21. Nab6 Rad8 22. b4 axb4 23. axb4 d3 24. exd3 Rxd3 25. Qb2 Red8 26. Rfe1 Nd4 27. Rc3 Rxc3 28. Qxc3 Bf6 29. Qc1 Bg5 30. Qb1 Qg7 31. Nd6 Be7 32. Nxb7 Rb8 33. Na5 Bf6 34. Nac4 Qf7 35. Nd6 Qc7 36. Nxe4 fxe4 37. Qxe4 Bf5 38. Qd5 Rd8 39. Qc4 Qg7 40. Nd5 Be6 41. Nxf6+ Qxf6 42. Qa6 Rf8 43. f4 Bg4 44. Qxf6 Rxf6 45. Re7+ Kg8 46. h3 Be6 47. c6 Nf5 48. Rb7 1-0


[Site "https://www.chess.com"]